 Dungeon Crawl Stone Soup version 0.22.0-21-g8bd1b0a76a (webtiles) character file.

70878 Kirk the Severer (level 14, -4/105 HPs)
             Began as a Demonspawn Gladiator on Aug 20, 2018.
             Was a High Priest of Okawaru.
             Slain by a skeletal warrior
             ... wielding a +1 vampiric halberd
             ... led by a skeletal warrior
              (7 damage)
             ... on level 14 of the Dungeon.
             The game lasted 01:02:42 (24323 turns).

Kirk the Severer (Demonspawn Gladiator)            Turns: 24323, Time: 01:02:42

Health: -4/105     AC: 23    Str: 16    XL:     14   Next: 95%
Magic:  20/20      EV: 10    Int: 13    God:    Okawaru [*****.]
Gold:   2436       SH:  5    Dex: 15    Spells: 13/13 levels left

rFire    + + .     SeeInvis +   G - +4 battleaxe (chop)
rCold    + . .     Gourm    .   (shield currently unavailable)
rNeg     . . .     Faith    .   L - +1 chain mail {rF+}
rPois    .         Spirit   .   (helmet unavailable)
rElec    .         Reflect  +   m - scarf {rC+ rF+}
rCorr    .         Harm     .   H - +0 pair of gloves
MR       ++...                  N - +2 pair of boots of the Assassin {Detection Stab+ Stlth++}
Stlth    +++.......             A - +5 amulet of reflection
HPRegen  2.27/turn              k - +4 ring of protection
MPRegen  0.17/turn              o - ring of protection from magic

@: heroism, drained
A: antennae 3, molten scales 1, powered by death 2
a: Heroism, Finesse, Renounce Religion


You were on level 14 of the Dungeon.
You worshipped Okawaru.
Okawaru was extremely pleased with you.
You were not hungry.

You visited 3 branches of the dungeon, and saw 22 of its levels.
You also visited: Ice Cave.

You collected 2761 gold pieces.
You spent 325 gold pieces at shops.

Inventory:

Hand Weapons
 c - a +1 broad axe
 u - a +2 hunting sling of freezing
 y - a +0 blowgun
 G - a +4 battleaxe of chopping (weapon)
 R - the +5 flail of Honour {drain, *Rage rPois Str-4 Dex+8}
   (You took it off a meliai on level 13 of the Dungeon)

   A truly terrible weapon, it drains the life of those it strikes.
   It affects your strength (-4).
   It affects your dexterity (+8).
   It protects you from poison.
   It may make you go berserk in combat.
Missiles
 z - 6 needles of paralysis
 F - 19 curare-tipped needles
 Q - a throwing net (quivered)
Armour
 g - the +2 pair of boots of Mutualism {+Fly rF++}
   (Okawaru gifted it to you on level 6 of the Lair of Beasts)

   It greatly protects you from fire.
   It lets you fly.
 m - a scarf of resistance (worn)
 p - a +2 buckler of cold resistance
 H - a +0 pair of gloves (worn)
 L - a +1 chain mail of fire resistance (worn)
 N - the +2 pair of boots of the Assassin (worn) {Detection Stab+ Stlth++}
   (Okawaru gifted it to you on level 12 of the Dungeon)

   It makes you much more stealthy.
 P - a +2 crystal plate armour of cold resistance
Jewellery
 h - an uncursed ring of fire
 k - a +4 ring of protection (left hand)
 o - a ring of protection from magic (right hand)
 x - a +2 ring of protection
 A - a +5 amulet of reflection (around neck)
 M - an uncursed amulet of faith
 T - an uncursed amulet of rage {unknown}
 U - a +2 ring of strength {unknown}
 V - an uncursed ring of poison resistance {unknown}
Wands
 a - a wand of random effects (14)
 d - a wand of enslavement (25)
 r - a wand of digging (7)
 D - a wand of paralysis (5)
 E - a wand of acid (16)
 I - a wand of scattershot (7)
 K - a wand of polymorph (21)
 O - a wand of iceblast (10)
Scrolls
 b - 6 scrolls of teleportation
 e - a scroll of identify
 q - 6 scrolls of remove curse
 s - 3 scrolls of amnesia
 v - a scroll of fog {unknown}
 B - a scroll of magic mapping
 C - 4 scrolls of enchant armour
Potions
 i - 3 potions of haste
 j - a potion of resistance
 l - a potion of mutation
 t - a potion of magic
 w - 2 potions of cancellation
 S - a potion of flight
 W - 2 potions of lignification
Miscellaneous
 n - a phial of floods
 J - a lightning rod (4/4)
Comestibles
 f - 27 rations


   Skills:
 - Level 8.0(12.0) Fighting
 - Level 20.0(23.8) Axes
 + Level 3.2(7.6) Slings
 - Level 1.7(6.9) Throwing
 - Level 6.0(10.2) Armour
 - Level 2.6(6.8) Dodging
 - Level 3.0(7.1) Stealth
 - Level 0.5(4.7) Shields
 - Level 8.0(7.2) Invocations
 - Level 0.2(0.0) Evocations


You had 13 spell levels left.
You didn't know any spells.
Your spell library contained the following spells:

 Spells                   Type           Power        Failure   Level  Hunger
 Animate Skeleton         Necr           N/A          97%         1    ##.....
 Beastly Appendage        Tmut           #.....       97%         1    ##.....
 Confusing Touch          Hex            #.....       97%         1    ##.....
 Corona                   Hex            #......      97%         1    ##.....
 Pain                     Necr           #...         97%         1    ##.....
 Ensorcelled Hibernation  Hex/Ice        #.....       99%         2    ###....
 Sticks to Snakes         Tmut           #.......     99%         2    ###....
 Confuse                  Hex            #.......     100%        3    ####...
 Dazzling Spray           Conj/Hex       #.....       100%        3    ####...
 Gell's Gravitas          Tloc           #.........   100%        3    ####...
 Recall                   Summ/Tloc      N/A          100%        3    ####...
 Regeneration             Chrm/Necr      #.........   100%        3    ####...
 Spider Form              Tmut/Pois      #.........   100%        3    ####...
 Tukima's Dance           Hex            #.......     100%        3    ####...
 Vampiric Draining        Necr           #.........   100%        3    ####...
 Animate Dead             Necr           N/A          100%        4    #####..
 Ice Form                 Ice/Tmut       #.......     100%        4    #####..
 Petrify                  Tmut/Erth      #.......     100%        4    #####..
 Aura of Abjuration       Summ           #.........   100%        5    ######.
 Blade Hands              Tmut           #.........   100%        5    ######.
 Metabolic Englaciation   Hex/Ice        #.........   100%        5    ######.
 Summon Demon             Summ           #.........   100%        5    ######.
 Summon Forest            Summ/Tloc      #.........   100%        5    ######.
 Summon Mana Viper        Hex/Summ       #.......     100%        5    ######.
 Yara's Violent Unravell  Hex/Tmut       #.........   100%        5    ######.
 Shadow Creatures         Summ           N/A          100%        6    #######


Dungeon Overview and Level Annotations

Branches:
Dungeon (14/15)            Temple (0/1) D:4            Lair (6/6) D:10
  Swamp (0/4) Lair:2        Snake (0/4) Lair:4        Slime (0/5) Lair:5
    Orc (2/2) D:9          Vaults (0/5) D:13
    Elf: Orc:2

Altars:
Cheibriados
Dithmenos
Gozag
Hepliaklqana
Kikubaaqudgha
Makhleb
Okawaru
Qazlal
Ru
Sif Muna
Trog
Wu Jian
Xom
Zin
The Shining One
Beogh
Jiyva

Shops:
D:5 *   D:13 [

Annotations:
D:5 2 runed doors, emmisofia's ghost, novice MiFi
D:9 1 runed door
D:13 Rupert
Lair:1 1 runed door
Lair:4 exclusions: hydra and 1 more exclusion
Lair:6 3 runed doors, Idut's ghost, journeyman GnSk
Orc:2 Nessos


Innate Abilities, Weirdness & Mutations

You have a pair of large antennae on your head. (SInv)
You are partially covered in molten scales. (AC +2)
You regenerate health from kills.


Message History

Unknown command.
You closely miss the skeletal warrior.
The skeletal warrior is almost destroyed.
You hit the skeletal warrior but do no damage.
The skeletal warrior hits you but does no damage.
Unknown command.
You barely miss the skeletal warrior.
The skeletal warrior is almost destroyed.
You barely miss the skeletal warrior.
You hit the skeletal warrior but do no damage.
The skeletal warrior hits you with a long sword.
* * * LOW HITPOINT WARNING * * *
The skeletal warrior hits you with a battleaxe!
* * * LOW HITPOINT WARNING * * *
Unknown command.
You closely miss the skeletal warrior.
The skeletal warrior is almost destroyed.
You slash the skeletal warrior! You hit the skeletal warrior.
The skeletal warrior hits you with a vampiric halberd!
You die...

# #. .. { .. #. ...
#. #. .... #.# #.#
..... #..##.###
......###..#...#
.....p.<##..)#.###
.....{{....#.zz..##.#
....?.{.##.###@.....#
........##....z.....#
........#######.....#
#.......# .....#
######### ####.# #


You could see 3 skeletal warriors.

Vanquished Creatures
  A reaper (IceCv)
  A vampire knight (D:13)
  3 hydras
  5 catoblepae
  4 vault guards (D:13)
  5 centaur warriors
  5 two-headed ogres
  Erica (Orc:1)
  2 ogre magi (D:13)
  7 death yaks
  A deep elf knight (D:13)
  Sonja (Lair:2)
  An unseen horror (D:11)
  A skeletal warrior (D:14)
  2 wizards
  2 orc knights
  Pikel (D:5)
  A deep elf mage (D:13)
  A deep elf archer (D:13)
  3 ugly things
  A cyclops (D:13)
  2 manticores (Lair:6)
  2 ice statues (IceCv)
  4 black mambas
  18 elephants (Lair:6)
  Maurice (Orc:1)
  A gargoyle (D:13)
  A torpor snail (Lair:2)
  2 yaktaurs (D:13)
  4 komodo dragons
  5 spiny frogs
  10 ice devils (IceCv)
  2 rime drakes
  An efreet (D:13)
  A polar bear (Lair:4)
  A merfolk (D:12)
  7 trolls
  A meliai (D:13)
  A hornet (D:10)
  6 slime creatures
  7 blink frogs
  8 hippogriffs
  36 yaks
  3 vampires (D:13)
  8 wyverns
  2 basilisks
  6 vampire mosquitoes
  3 wargs
  2 hungry ghosts
  2 floating eyes (shapeshifter) (D:13)
  13 water moccasins
  A slave (D:5)
  6 porcupines
  14 orc warriors
  Duvessa (D:5)
  10 ice beasts
  A necrophage (D:10)
  A sky beast (D:10)
  A swamp drake (D:9)
  A hornet zombie (D:13)
  6 ogres
  5 centaurs
  3 big kobolds
  9 crocodiles
  14 bullfrogs
  A water moccasin zombie (D:8)
  2 scorpions
  Dowan (D:5)
  18 killer bees
  5 wights
  3 howler monkeys
  3 jellies
  A centaur zombie (D:8)
  3 crimson imps
  4 hounds
  A gnoll shaman (D:5)
  15 orc priests
  2 bullfrog skeletons
  2 centaur skeletons
  4 iguanas
  19 orc wizards
  8 worker ants
  A hound skeleton (D:8)
  A worker ant zombie (D:10)
  18 gnolls
  2 adders (D:2)
  4 shadow imps
  6 white imps (IceCv)
  9 ufetubi (IceCv)
  An ooze (D:2)
  3 adder zombies
  5 worms
  2 dart slugs (D:1)
  A leopard gecko (D:2)
  54 orcs
  7 giant cockroaches
  9 goblins
  11 hobgoblins
  13 jackals
  14 kobolds
  5 quokkas
  3 ball pythons
  9 bats
  6 frilled lizards
  A jackal skeleton (D:6)
  A leopard gecko skeleton (D:4)
  A leopard gecko zombie (D:6)
  A quokka skeleton (D:4)
  13 rats
  A fungus (Lair:4)
  19 plants (Lair:4)
595 creatures vanquished.

Vanquished Creatures (others)
  A bullfrog skeleton (D:13)
  3 white imps (IceCv)
  An ufetubus (IceCv)
  6 fungi
  A plant (Lair:3)
12 creatures vanquished.

Grand Total: 607 creatures vanquished

Notes
Turn   | Place    | Note
-------+----------+-------------------------------------------
     0 | D:1      | Kirk the Demonspawn Gladiator began the quest for the Orb.
     0 | D:1      | Reached XP level 1. HP: 16/16 MP: 1/1
    59 | D:1      | Reached skill level 3 in Axes
    91 | D:1      | Gained mutation: You have a pair of small antennae on your head. [demonic ancestry]
    91 | D:1      | Reached XP level 2. HP: 16/22 MP: 2/2
   387 | D:1      | Reached XP level 3. HP: 25/27 MP: 3/3
   608 | D:1      | Reached skill level 4 in Axes
  1115 | D:2      | Reached XP level 4. HP: 34/34 MP: 4/4
  1541 | D:3      | Noticed an ogre
  1640 | D:3      | Gained mutation: You are partially covered in molten scales. (AC +2) [demonic ancestry]
  1640 | D:3      | Reached XP level 5. HP: 21/39 MP: 5/5
  1642 | D:3      | Reached skill level 5 in Axes
  1644 | D:3      | Found a shadowy altar of Dithmenos.
  1916 | D:3      | Found a deep blue altar of Sif Muna.
  1919 | D:3      | Found a hazy altar of Hepliaklqana.
  1928 | D:3      | Killed an ogre
  1928 | D:3      | Reached skill level 1 in Armour
  2081 | D:3      | Found an ornate altar of the Wu Jian Council.
  2247 | D:3      | Reached XP level 6. HP: 46/46 MP: 6/6
  2562 | D:4      | Found an iron altar of Okawaru.
  2575 | D:4      | Became a worshipper of Warmaster Okawaru
  2588 | D:4      | Found a staircase to the Ecumenical Temple.
  2652 | D:4      | Reached skill level 6 in Axes
  2946 | D:4      | Found an iron altar of Okawaru.
  2946 | D:4      | Found a bloodstained altar of Trog.
  2949 | D:4      | Found an ancient bone altar of Kikubaaqudgha.
  3087 | D:4      | Reached XP level 7. HP: 52/52 MP: 7/7
  3126 | D:5      | Entered Level 5 of the Dungeon
  3126 | D:5      | Noticed Pikel
  3179 | D:5      | Found Maenukk's Assorted Antiques.
  3209 | D:5      | Killed Pikel
  3209 | D:5      | Reached * piety under Okawaru
  3209 | D:5      | Reached skill level 7 in Axes
  3217 | D:5      | Bought a scroll labeled IRAOTEKU KETUSH for 31 gold pieces
  3231 | D:5      | Reached skill level 8 in Axes
  3253 | D:5      | Noticed Duvessa
  3254 | D:5      | Found a snail-covered altar of Cheibriados.
  3254 | D:5      | Noticed Dowan
  3259 | D:5      | Killed Dowan
  3259 | D:5      | Gained mutation: You have a pair of antennae on your head. [demonic ancestry]
  3259 | D:5      | Reached XP level 8. HP: 58/60 MP: 8/8
  3271 | D:5      | Killed Duvessa
  3582 | D:5      | Found a large runed door.
  3583 | D:5      | Found a large runed door.
  3595 | D:5      | Noticed emmisofia's ghost (novice MiFi)
  3781 | D:6      | Reached skill level 9 in Axes
  4040 | D:6      | Reached ** piety under Okawaru
  4166 | D:6      | Found a glowing silver altar of Zin.
  4167 | D:6      | Found an opulent altar of Gozag.
  4395 | D:6      | Found a stormy altar of Qazlal.
  4701 | D:7      | Reached XP level 9. HP: 21/66 MP: 9/9
  4981 | D:7      | Found a shimmering altar of Xom.
  4981 | D:7      | Found a burning altar of Makhleb.
  4994 | D:7      | Reached skill level 10 in Axes
  5258 | D:7      | Reached *** piety under Okawaru
  5636 | D:8      | Found a stormy altar of Qazlal.
  5969 | D:8      | Reached skill level 5 in Fighting
  6321 | D:8      | Reached skill level 11 in Axes
  6401 | D:8      | Found a glowing golden altar of the Shining One.
  6465 | D:8      | Noticed a troll
  6475 | D:8      | Killed a troll
  6475 | D:8      | Reached **** piety under Okawaru
  6718 | D:9      | Reached skill level 1 in Invocations
  7089 | D:9      | Gained mutation: You have a pair of large antennae on your head. (SInv) [demonic ancestry]
  7089 | D:9      | Reached XP level 10. HP: 70/74 MP: 11/11
  7259 | D:9      | Found a staircase to the Orcish Mines.
  7495 | D:9      | Noticed a two-headed ogre
  7601 | D:9      | Reached skill level 12 in Axes
  7612 | D:9      | Found a runed door.
  7612 | D:9      | Noticed a wolf spider
  7612 | D:9      | Noticed an ogre mage
  7612 | D:9      | Noticed a stone giant
  7614 | D:9      | Noticed a stone giant
  7614 | D:9      | Noticed a deep elf knight
  7614 | D:9      | Noticed a great orb of eyes
  7614 | D:9      | Noticed a stone giant
  7670 | D:9      | Killed a two-headed ogre
  7670 | D:9      | Reached ***** piety under Okawaru
  7755 | D:10     | Entered Level 10 of the Dungeon
  8269 | D:10     | Noticed a centaur warrior
  8287 | D:10     | Killed a centaur warrior
  8287 | D:10     | Received a gift from Okawaru
  9033 | D:10     | Noticed a two-headed ogre
  9049 | D:10     | Killed a two-headed ogre
  9049 | D:10     | Reached skill level 13 in Axes
  9190 | D:10     | Gained mutation: You regenerate a little health from kills. [demonic ancestry]
  9190 | D:10     | Reached XP level 11. HP: 74/83 MP: 14/14
  9371 | D:10     | Found a staircase to the Lair.
  9759 | Lair:1   | Entered Level 1 of the Lair of Beasts
 10085 | Lair:1   | Found a runed door.
 10128 | Lair:1   | Reached skill level 5 in Invocations
 10129 | Lair:1   | Noticed a seven-headed hydra
 10402 | D:11     | Noticed a green ugly thing
 10415 | D:11     | Killed a green ugly thing
 10442 | D:11     | Noticed a five-headed hydra
 10545 | D:11     | Noticed a two-headed ogre
 10546 | D:11     | Noticed a green ugly thing
 10556 | D:11     | Killed a two-headed ogre
 10556 | D:11     | Received a gift from Okawaru
 10556 | D:11     | Killed a green ugly thing
 11081 | D:11     | Noticed a two-headed ogre
 11141 | D:11     | Noticed an unseen horror
 11183 | D:11     | Killed an unseen horror
 11183 | D:11     | Reached skill level 14 in Axes
 11183 | D:11     | Reached skill level 5 in Armour
 11214 | D:11     | Killed a two-headed ogre
 11638 | D:5      | Bought a glowing battleaxe for 294 gold pieces
 11792 | Orc:1    | Entered Level 1 of the Orcish Mines
 11792 | Orc:1    | Noticed Maurice
 11803 | Orc:1    | Killed Maurice
 12000 | Orc:1    | Noticed Erica
 12006 | Orc:1    | Killed Erica
 12283 | Orc:1    | Noticed an orc knight
 12307 | Orc:1    | Killed an orc knight
 12524 | Orc:1    | Noticed a wolf spider
 12751 | Orc:2    | Entered Level 2 of the Orcish Mines
 12751 | Orc:2    | Found a roughly hewn altar of Beogh.
 12753 | Orc:2    | Noticed Nessos
 12755 | Orc:2    | Noticed an orc sorcerer
 13140 | D:12     | Reached XP level 12. HP: 89/91 MP: 17/17
 13201 | D:12     | Found a sacrificial altar of Ru.
 13429 | D:12     | Received a gift from Okawaru
 13430 | D:12     | Found the +2 pair of boots of the Assassin {Detection Stab+ Stlth++}
 13910 | D:13     | Noticed a centaur warrior
 13910 | D:13     | Noticed a six-headed hydra
 13939 | D:13     | Killed a centaur warrior
 13949 | D:13     | Reached skill level 1 in Stealth
 13954 | D:13     | Got an ancient flail {drain}
 13975 | D:13     | Noticed a centaur warrior
 13984 | D:13     | Killed a centaur warrior
 13984 | D:13     | Reached skill level 15 in Axes
 13995 | D:13     | Noticed a centaur warrior
 13995 | D:13     | Noticed an ogre mage
 14108 | Lair:1   | Identified the +5 flail of Honour {drain, *Rage rPois Str-4 Dex+8} (You took it off a meliai on level 13 of the Dungeon)
 14454 | Lair:2   | Noticed Sonja
 14462 | Lair:2   | Killed Sonja
 14966 | Lair:2   | Noticed a death yak
 14984 | Lair:2   | Killed a death yak
 15000 | Lair:2   | Found a staircase to the Swamp.
 15404 | Lair:3   | Found a shimmering altar of Xom.
 15536 | Lair:3   | Noticed an eight-headed hydra
 16399 | Lair:4   | Reached skill level 16 in Axes
 16581 | Lair:4   | Received a gift from Okawaru
 16594 | Lair:4   | Found a frozen archway.
 16674 | Lair:4   | Gained mutation: You regenerate health from kills. [demonic ancestry]
 16674 | Lair:4   | Reached XP level 13. HP: 96/98 MP: 19/19
 16755 | IceCv    | Entered an ice cave
 17419 | IceCv    | Noticed a reaper
 17444 | IceCv    | Killed a reaper
 18022 | Lair:4   | Got a translucent scale mail
 18033 | Lair:4   | Identified the cursed +0 scale mail of the Desert {Int+5} (You found it on level 4 of the Lair of Beasts)
 18078 | Lair:4   | Found a staircase to the Snake Pit.
 19525 | Lair:5   | Reached skill level 17 in Axes
 20283 | Lair:5   | Found a viscous altar of Jiyva.
 20283 | Lair:5   | Found a staircase to the Slime Pits.
 20319 | Lair:6   | Entered Level 6 of the Lair of Beasts
 20534 | Lair:6   | Reached skill level 18 in Axes
 20548 | Lair:6   | Reached ****** piety under Okawaru
 20598 | Lair:6   | Received a gift from Okawaru
 20675 | Lair:6   | Reached XP level 14. HP: 65/105 MP: 20/20
 20800 | Lair:6   | Found a runed gate.
 20800 | Lair:6   | Found a runed gate.
 20800 | Lair:6   | Found a runed gate.
 20800 | Lair:6   | Noticed Idut's ghost (journeyman GnSk)
 21743 | Lair:6   | Received a gift from Okawaru
 21744 | Lair:6   | Got a pair of encrusted boots {god gift}
 21755 | Lair:6   | Identified the +2 pair of boots of Mutualism {+Fly rF++} (Okawaru gifted it to you on level 6 of the Lair of Beasts)
 21954 | Lair:6   | Reached skill level 19 in Axes
 22286 | D:13     | HP: 5/105 [ogre mage/crystal spear (39)]
 22286 | D:13     | HP: 2/105 [centaur warrior/arrow (3)]
 22589 | D:13     | Noticed a vampire knight
 23505 | D:13     | Killed a vampire knight
 23569 | D:13     | Received a gift from Okawaru
 23569 | D:13     | Reached skill level 20 in Axes
 23583 | D:13     | Reached skill level 1 in Slings
 23613 | D:13     | Found a gate to the Vaults.
 23665 | D:13     | Found Ugaecodgh's Armour Boutique.
 23707 | D:13     | Found the +12 Vampire's Tooth {vamp}
 24012 | D:13     | Noticed Rupert
 24027 | D:14     | Noticed a stone giant
 24322 | D:14     | HP: 2/105 [skeletal warrior/battleaxe[a skeletal warrior] (17)]
 24323 | D:14     | Slain by a skeletal warrior

Skill      XL: |  1  2  3  4  5  6  7  8  9 10 11 12 13 14 |
---------------+-------------------------------------------+-----
Axes           | 3 4 5 6 8 9 11 13 14 16 18 20 | 20.0
Armour         | 1 2 3 4 5 6 |  6.0
Fighting       | 3 4 5 6 7 8 |  8.0
Invocations    | 1 4 6 8 |  8.0
Stealth        | 3 |  3.0
Slings         | 3 |  3.2
Throwing       | |  1.7
Dodging        | |  2.6
Shields        | |  0.5
Evocations     | |  0.2

Action                   |  1- 3 |  4- 6 |  7- 9 | 10-12 | 13-15 || total
-------------------------+-------+-------+-------+-------+-------++-------
Melee: War axe           |   117 |   187 |   546 |   357 |       ||  1207
       Punch             |       |       |       |     2 |       ||     2
       Battleaxe         |       |       |       |   473 |   798 ||  1271
       Flail             |       |       |       |       |    27 ||    27
 Fire: Blowgun           |       |       |       |    13 |       ||    13
Throw: Throwing net      |       |     3 |     2 |     3 |     1 ||     9
Invok: Heroism           |       |       |     2 |    17 |    19 ||    38
       Finesse           |       |       |       |     1 |     3 ||     4
Evoke: Wand              |       |       |       |    24 |     9 ||    33
       Lightning rod     |       |       |       |       |     3 ||     3
  Use: Potion            |     1 |     2 |     3 |     6 |    14 ||    26
       Scroll            |       |     7 |     7 |    11 |    11 ||    36
 Stab: Invisible         |       |       |     9 |     5 |     3 ||    17
       Held in net/web   |       |       |     2 |     3 |     1 ||     6
       Paralysed         |       |       |       |     7 |       ||     7
       Distracted        |       |       |       |       |     2 ||     2
       Sleeping          |       |       |       |       |     1 ||     1
       Petrifying        |       |       |       |       |     1 ||     1
       Petrified         |       |       |       |       |     1 ||     1
  Eat: Chunk             |     1 |     6 |     9 |    21 |    13 ||    50
       Ration            |       |       |     3 |     3 |     5 ||    11
Armor: Leather armour    |    18 |       |       |       |       ||    18
       Ring mail         |    11 |   102 |   270 |   101 |       ||   484
       Chain mail        |       |       |       |   248 |   403 ||   651
Dodge: Dodged            |    76 |   141 |   339 |   316 |   236 ||  1108
Block: Other             |       |       |    45 |   159 |   149 ||   353
       Reflection        |       |       |     2 |    10 |     2 ||    14
